 Dungeon Sprint DCSS version 0.30-a0-964-gd452b5e7fa (webtiles) character file.

Game seed: 9302979329911205113

595 dialectric the Unseen (level 7, 22/37 HPs)
             Began as a Spriggan Brigand on Mar 30, 2023.
             Got out of the dungeon alive.
             The game lasted 00:00:54 (76 turns).

dialectric the Unseen (Spriggan Brigand)              Turns: 76, Time: 00:00:54

Health: 22/37      AC:  3    Str:  7    XL:     7   Next: 16%
Magic:  8/8        EV: 19    Int: 13    God:
Gold:   486        SH:  0    Dex: 18    Spells: 6/6 levels left

rFire   . . .      SeeInvis +    a - +2 dagger
rCold   . . .      Faith    .    (no shield)
rNeg    . . .      Spirit   .    b - +0 robe
rPois   .          Reflect  .    (helmet restricted)
rElec   .          Rampage  .    c - +0 cloak
rCorr   .          NoTele   +    (gloves unavailable)
Will    +....                    (boots unavailable)
Stlth   ++++++++                 (no amulet)
HPRegen 0.26/turn                (no ring)
MPRegen 0.11/turn                (no ring)

@: very quick
A: very small, no large weapons, unfitting armour, see invisible, speed 3
a: no special abilities


You escaped.
You visited 1 branch You collected 486 gold pieces.

Inventory:

Hand Weapons
 a - a +2 dagger (weapon)
Missiles
 d - 9 poisoned darts (quivered)
 e - 3 curare-tipped darts
Armour
 b - a +0 robe (worn)
 c - a +0 cloak (worn)
Scrolls
 k - a scroll of blinking
Potions
 f - a potion of curing
 g - a potion of heal wounds
 h - a potion of haste
 i - 2 potions of magic
 j - a potion of berserk rage


   Skills:
 + Level 4.2 Fighting
 + Level 5.6 Short Blades
 - Level 2.8 Throwing
 + Level 4.1 Dodging
 + Level 20.5 Stealth


You had 6 spell levels left.
You didn't know any spells.
Your spell library was empty.

Dungeon Overview and Level Annotations

Branches:
Dungeon (1/1)

Altars:


Innate Abilities, Weirdness & Mutations

You are very small and have problems with some larger weapons.
You are too small for most types of armour.
You have supernaturally acute eyesight. (SInv)
You cover ground extremely quickly. (Speed+++)


Message History

The merfolk siren hits you with a +0 spear!
You closely miss the merfolk siren.
The merfolk siren is severely wounded.
The merfolk siren chants its luring song.
You closely miss the merfolk siren.
The merfolk siren is severely wounded.
The merfolk siren closely misses you.
You hit the merfolk siren.
The merfolk siren is almost dead.
The merfolk siren chants its luring song.
You closely miss the merfolk siren.
The merfolk siren is almost dead.
You closely miss the merfolk siren.
The merfolk siren is almost dead.
You break out of your daze!
You kill the merfolk siren!
Your Fighting skill increases to level 4!
Your Short Blades skill increases to level 5!
Your Dodging skill gained 2 levels and is now at level 4!
Your Stealth skill gained 4 levels and is now at level 20!
You have reached level 6!
You have reached level 7!
Unknown command.
Found 243 gold pieces.
d - 9 poisoned darts (gained 7);
e - 3 curare-tipped darts You see here a +0 spear.
You see here a +0 spear.
You now have 486 gold pieces (gained 243).
There is an open door here.
You open the door. 4 neqoxecs come into view.
The neqoxec shouts! x2
The neqoxec gestures at you.
Something tries to feed on your intellect!
Found 243 gold pieces.
You close the door.
A neqoxec opens the door.
There is a staircase leading out of the dungeon here.
Are you sure you want to leave the Dungeon?
This will make you lose the game! The neqoxec barely misses you.
You have escaped!

### #
##.###+# .#
#.†.##.##..#
+.##'.@33$#
#.†.##.##.#
##.###'## 3#
####...## #
#.)#..#
##...##
##+##


You could see 2 neqoxecs.

Vanquished Creatures
  A merfolk siren (D)
  4 necrophages (D)
5 creatures vanquished.

Notes
Turn   | Place    | Note
-------+----------+-------------------------------------------
     0 | D        | dialectric the Spriggan Brigand began the quest for the
                  | Orb.
     0 | D        | Reached XP level 1. HP: 10/10 MP: 2/2
     1 | D        | Noticed a necrophage
     1 | D        | Noticed a necrophage
     1 | D        | Noticed a necrophage
     1 | D        | Noticed a necrophage
     4 | D        | Killed a necrophage
     5 | D        | Reached skill level 11 in Stealth
     5 | D        | Reached XP level 2. HP: 16/16 MP: 3/3
     5 | D        | Reached XP level 3. HP: 19/19 MP: 4/4
     5 | D        | Killed a necrophage
     6 | D        | Reached skill level 13 in Stealth
     6 | D        | Reached XP level 4. HP: 23/23 MP: 5/5
     8 | D        | Killed a necrophage
     9 | D        | Reached skill level 15 in Stealth
     9 | D        | Reached XP level 5. HP: 28/28 MP: 6/6
    24 | D        | Reached skill level 16 in Stealth
    33 | D        | Noticed a merfolk siren
    60 | D        | Killed a merfolk siren
    61 | D        | Reached skill level 5 in Short Blades
    61 | D        | Reached skill level 20 in Stealth
    61 | D        | Reached XP level 6. HP: 17/33 MP: 7/7
    61 | D        | Reached XP level 7. HP: 19/37 MP: 8/8
    72 | D        | Noticed a neqoxec
    72 | D        | Noticed a neqoxec
    72 | D        | Noticed a neqoxec
    72 | D        | Noticed a neqoxec
    76 | D        | Got out of the dungeon alive.

Illustrated notes

Levels and vault maps discovered:
D:        the_violet_keep_of_menkaure [sprint2_stairs_cluster_1,
          sprint2_shoproom, sprint2_temple, sprint2_basic_supplies,
          sprint2_obstacle_4, sprint2_obstacle_3, sprint2_obstacle_5,
          sprint2_obstacle_1, sprint2_obstacle_7, sprint2_timed_cluster_1,
          sprint2_smallroom_cluster_1, sprint2_smallroom_final_cluster_1,
          sprint2_transparent_cluster_1, sprint2_second_timed_cluster_1,
          sprint2_sniper_area_1, sprint2_heavy_combat_area_1,
          sprint2_mutation_trap_area_1, sprint2_forest_area_1,
          sprint2_light_combat_area_1, sprint2_behind_water_1,
          sprint2_near_end_vault_1]

Skill      XL: |  1  2  3  4  5 |
---------------+----------------+-----
Fighting       | 2 3 4 |  4.2
Short Blades   | 3 4 5 |  5.6
Stealth        | 11 13 15 20 | 20.5
Dodging        | 2 4 |  4.1
Throwing       | |  2.8

Action                     |  1- 3 |  4- 6 |  7- 9 || total
---------------------------+-------+-------+-------++-------
  Melee: Dagger            |     2 |    30 |       ||    32
  Throw: Dart              |       |    10 |       ||    10
   Stab: Sleeping          |     2 |     1 |       ||     3
 Armour: Robe              |       |     2 |       ||     2
  Dodge: Dodged            |       |     8 |     1 ||     9

Table legend: (Time is in decaauts)
 A = Elapsed time spent in this place.
 B = Non-inter-level travel time spent in this place.
 C = Inter-level travel time spent in this place.
 D = Time resting spent in this place.
 E = Time spent auto-exploring this place.
 F = Levels seen in this place.
 G = Mean time per level.
                   A        B        C        D        E       F      G
               +--------+--------+--------+--------+--------+-----+--------+
         Total |     57 |     57 |      0 |      0 |      0 |   1 |   57.0 |
       Dungeon |     57 |     57 |      0 |      0 |      0 |   1 |   57.0 |
               +--------+--------+--------+--------+--------+-----+--------+

Top non-repeatable levels by time:
       D: 57 daAuts
